 Dungeon Crawl Stone Soup version 0.29-a0-559-g359e09b9d1 (webtiles) character file.

Game seed: 13148327425052410489

34 Hubjo the Insei (level 3, -1/27 HPs)
             Began as a Demonspawn Transmuter on June 9, 2022.
             Slain by a gnoll
             ... wielding a +0 club
              (5 damage)
             ... on level 2 of the Dungeon.
             The game lasted 00:01:38 (1302 turns).

Hubjo the Insei (Demonspawn Transmuter)             Turns: 1302, Time: 00:01:38

Health: -1/27      AC:  2    Str: 10    XL:     3   Next: 14%
Magic:  15/15      EV: 12    Int: 14    God:
Gold:   33         SH:  0    Dex: 15    Spells: 5/6 levels left

rFire   . . .      SeeInvis .     - Unarmed
rCold   . . .      Faith    .   (no shield)
rNeg    . . .      Spirit   .   a - +0 robe
rPois   .          Reflect  .   (helmet currently unavailable)
rElec   .          Harm     .   (no cloak)
rCorr   .          Rampage  .   (no gloves)
Will    .....                   (boots currently unavailable)
Stlth   ++........              (no amulet)
HPRegen 0.09/turn               i - ring of wizardry
MPRegen 0.14/turn               g - ring of magical power

@: appendages (expiring)
A: horns 2, talons 2, demonic magic 1
a: End Transformation


You were on level 2 of the Dungeon.
You had temporarily grown beastly horns and talons.
You visited 1 branch of the dungeon, and saw 2 of its levels.

You collected 33 gold pieces.

Inventory:

Armour
 a - a +0 robe (worn)
Jewellery
 g - a ring of magical power (right hand)
 i - a ring of wizardry (left hand)
 k - a ring of protection from cold
Scrolls
 c - a scroll of amnesia {unknown}
 e - a scroll of enchant armour {unknown}
 h - a scroll of poison {unknown}
 m - a scroll of magic mapping {unknown}
 o - a scroll of identify {unknown}
Potions
 b - a potion of lignification
 d - a potion of flight {unknown}
 f - a potion of heal wounds {unknown}
 j - 2 potions of brilliance {unknown}
 l - 2 potions of curing {unknown}
 n - a potion of mutation {unknown}


   Skills:
 + Level 1.9 Fighting
 + Level 1.7 Dodging
 + Level 0.8 Stealth
 + Level 2.9 Unarmed Combat
 + Level 2.2 Spellcasting
 * Level 2.1 Transmutations


You had 5 spell levels left.
You knew the following spells:

 Your Spells              Type           Power      Damage    Failure   Level
a - Beastly Appendage     Tmut           14%        N/A       4%          1

Your spell library contained the following spells:

 Spells                   Type           Power      Damage    Failure   Level
 Wereblood                Tmut           7%         N/A       6%          2
 Spider Form              Tmut/Pois      4%         N/A       17%         3
 Ice Form                 Ice/Tmut       4%         N/A       50%         4


Dungeon Overview and Level Annotations

Branches:
Dungeon (2/15)

Altars:


Innate Abilities, Weirdness & Mutations

You have temporarily grown beastly horns and talons.
Spells you cast may paralyse adjacent enemies.


Message History

The dart slug briefly extends its eye-stalks.
There are monsters nearby!
There are monsters nearby!
You grow a pair of large bovine horns.
Your feet morph into talons.
Malevolent energies surge around you.
The dart slug suddenly stops moving!
The gnoll shouts!
The gnoll barely misses you.
The helpless dart slug fails to defend itself.
You hit the dart slug.
You claw the dart slug, but do no damage.
The dart slug is lightly wounded.
The gnoll hits you with a +0 club.
The helpless dart slug fails to defend itself.
You hit the dart slug. You claw the dart slug.
You headbutt the dart slug, but do no damage.
The dart slug is severely wounded.
The dart slug is no longer paralysed.
A kobold comes into view. It is wielding a +0 whip.
The gnoll hits you with a +0 club.
You hit the dart slug.
You kill the dart slug!
The gnoll hits you with a +0 club.
You hit the gnoll. You headbutt the gnoll. Your punch misses the gnoll.
The gnoll is lightly wounded.
The gnoll closely misses you.
You hit the gnoll but do no damage. Your kick misses the gnoll.
You headbutt the gnoll.
The gnoll is heavily wounded.
Your transformation is almost over.
The kobold barely misses you. The gnoll hits you with a +0 club.
You hit the gnoll.
The gnoll is almost dead.
The kobold hits you but does no damage. The gnoll hits you with a +0 club.
* * * LOW HITPOINT WARNING * * *
You barely miss the gnoll.
The gnoll is almost dead.
You hit the gnoll.
The gnoll is almost dead.
The kobold hits you but does no damage. The gnoll hits you with a +0 club.
You die...

... ## #..# ##.. ....#
#. #..#### ##... #.#
#..#[.? .... #.#
#..#=.. ..##..#
####.####..#!.K#......#
#.......#..####@#
#.......#......#g#
#.......#......##.#
#.........####...#.#
#.......### ##..##.#
#.......# #...#!#
#.......# #..###
##.#.######### #...
#...........# ###.


You could see a gnoll and a kobold.

Vanquished Creatures
  3 dart slugs
  3 bats
  2 endoplasms (D:1)
  A giant cockroach (D:1)
  2 quokkas (D:1)
  5 ball pythons
  4 frilled lizards
  3 kobolds
  9 rats
32 creatures vanquished.

Notes
Turn   | Place    | Note
-------+----------+-------------------------------------------
     0 | D:1      | Hubjo the Demonspawn Transmuter began the quest for the
                  | Orb.
     0 | D:1      | Reached XP level 1. HP: 15/15 MP: 3/3
    48 | D:1      | Gained mutation: Spells you cast may paralyse adjacent
                  | enemies. [demonic ancestry]
    48 | D:1      | Reached XP level 2. HP: 11/21 MP: 5/5
  1234 | D:2      | Reached XP level 3. HP: 25/27 MP: 6/6
  1302 | D:2      | Slain by a gnoll

Illustrated notes

Levels and vault maps discovered:
D:1:      dpeg_arrival_solitude, layout_rooms
D:2:      layout_loops_ring, serial_glass, glass_columns_a, glass_columns_c,
          serial_shops, shop, minmay_vboxes

Skill      XL: |  1  2 |
---------------+-------+-----
Transmutations | 2 |  2.1
Fighting       | |  1.9
Dodging        | |  1.7
Stealth        | |  0.8
Unarmed Combat | |  2.9
Spellcasting   | |  2.2

Action                   || total
-------------------------++-------
Melee: Unarmed           ||    64
       Headbutt          ||    13
       Kick              ||    14
 Cast: Beastly Appendage ||    17
 Stab: Paralysed         ||     5
       Sleeping          ||     1
Armor: Robe              ||    14
Dodge: Dodged            ||    38

Table legend: (Time is in decaauts)
 A = Elapsed time spent in this place.
 B = Non-inter-level travel time spent in this place.
 C = Inter-level travel time spent in this place.
 D = Time resting spent in this place.
 E = Time spent auto-exploring this place.
 F = Levels seen in this place.
 G = Mean time per level.
                   A        B        C        D        E       F      G
               +--------+--------+--------+--------+--------+-----+--------+
         Total |   1297 |   1265 |     32 |      0 |   1074 |   2 |  648.5 |
       Dungeon |   1297 |   1265 |     32 |      0 |   1074 |   2 |  648.5 |
               +--------+--------+--------+--------+--------+-----+--------+

Top non-repeatable levels by time:
     D:1: 1043 daAuts
     D:2: 253 daAuts
